 Dungeon Crawl Stone Soup version 0.29.0-7-g18a832c13a (webtiles) character file.

Game seed: 12069223303541497645

77 Plorgh the Stinger (level 4, -2/26 (27) HPs)
             Began as an Octopode Venom Mage on Sept 1, 2022.
             Killed from afar by Ijyb (14 damage)
             ... with an iceblast
             ... on level 2 of the Dungeon.
             The game lasted 00:04:33 (1492 turns).

Plorgh the Stinger (Octopode Venom Mage)            Turns: 1492, Time: 00:04:33

HP:   -2/26 (27)    AC:  1    Str:  7    XL:     4   Next: 34%
MP:   4/7           EV: 17    Int: 19    God:
Gold: 184           SH:  0    Dex: 12    Spells: 1/7 levels left

rFire   . . .      SeeInvis .   b - +0 dagger (flame)
rCold   . . .      Faith    .   (no shield)
rNeg    . . .      Spirit   .   (helmet restricted)
rPois   .          Reflect  .   (no amulet)
rElec   .          Harm     .   g - +4 ring of evasion
rCorr   +          Rampage  .   p - ring of resist corrosion
Will    .....                   (no ring)
Stlth   +++.......              (no ring)
HPRegen 0.08/turn               (no ring)
MPRegen 0.10/turn               (no ring)
                                (no ring)
                                (no ring)

@: lightly drained
A: almost no armour, amphibious, 8 rings, camouflage 1, gelatinous body 1,
(nimble swimmer 1), tentacles
a: no special abilities


You were on level 2 of the Dungeon.
You visited 1 branch of the dungeon, and saw 2 of its levels.

You collected 184 gold pieces.

Inventory:

Hand Weapons
 b - a +0 dagger of flaming (weapon)
 j - a +1 whip of draining
Jewellery
 g - a +4 ring of evasion (left tentacle)
 p - a ring of resist corrosion (right tentacle)
Scrolls
 c - a scroll of teleportation {unknown}
 d - a scroll of identify {unknown}
 e - a scroll of poison {unknown}
 h - 2 scrolls of fear {unknown}
 i - a scroll of magic mapping {unknown}
 l - a scroll of noise {unknown}
Potions
 a - a potion of magic
 k - a potion of ambrosia {unknown}
 m - a potion of might {unknown}
 n - a potion of heal wounds {unknown}
 o - a potion of degeneration {unknown}


   Skills:
 + Level 0.6 Fighting
 - Level 2.0 Dodging
 - Level 2.6 Stealth
 - Level 2.0 Spellcasting
 - Level 1.0 Transmutations
 - Level 6.0 Poison Magic


You had one spell level left.
You knew the following spells:

 Your Spells              Type           Power      Damage    Failure   Level
a - Sting                 Tmut/Pois      60%        1d6       4%          1
b - Poisonous Vapours     Pois/Air       26%        N/A       8%          2
c - Mephitic Cloud        Conj/Pois/Air  9%         N/A       22%         3

Your spell library contained the following spells:

 Spells                   Type           Power      Damage    Failure   Level
 Olgreb's Toxic Radiance  Pois           24%        N/A       14%         4


Dungeon Overview and Level Annotations

Branches:
Dungeon (2/15)

Altars:
Trog

Shops:
D:1 [

Annotations:
D:2 Ijyb


Innate Abilities, Weirdness & Mutations

You cannot wear most types of armour.
You are amphibious.
You can wear up to eight rings at the same time.
Your skin changes colour to match your surroundings (Stealth+).
Your rubbery body absorbs attacks. (AC +1, EV +1)
((You are camouflaged when in or above water. (Stealth+)))
You have tentacles for arms and can constrict up to eight enemies at once.


Message History

Casting: Sting (safe; 4% risk of failure)
Confirm with . or Enter, or press ? or * to list all spells.
Aiming: Sting (safe; 4% risk of failure)
Press: ? - help, Shift-Dir - straight line, f - goblin
Aim: a goblin, wielding a +0 club (67% to hit)
The sting misses the goblin.
The sting hits the goblin.
The goblin is poisoned.
You kill the goblin!
The goblin completely misses you.
Unknown command.
Casting: Sting (safe; 4% risk of failure)
Confirm with . or Enter, or press ? or * to list all spells.
Aiming: Sting (safe; 4% risk of failure)
Press: ? - help, Shift-Dir - straight line, f/p - goblin
Aim: a goblin, wielding a +0 club (67% to hit)
The sting hits the goblin.
The goblin is poisoned.
You kill the goblin!
Unknown command.
Casting: Sting (safe; 4% risk of failure)
Confirm with . or Enter, or press ? or * to list all spells.
Okay, then.
You miss the goblin. You grab the goblin.
You constrict the goblin, but do no damage.
The goblin hits you with a +2 dagger of draining.
You feel drained.
Casting: Sting (safe; 4% risk of failure)
Confirm with . or Enter, or press ? or * to list all spells.
Aiming: Sting (safe; 4% risk of failure)
Press: ? - help, Shift-Dir - straight line, f - goblin
Aim: a goblin, wielding a +2 dagger of draining (constricted by you, 98% to hit)
The sting hits the goblin.
The goblin is poisoned.
The goblin is moderately wounded.
You constrict the goblin.
Ijyb zaps a wand.
The mass of ice explodes!
The iceblast engulfs the goblin!!
The goblin dies!
The iceblast engulfs you!
* * * LOW HITPOINT WARNING * * *
It was a potion of curing.
You feel better.
Ijyb zaps a wand.
The mass of ice explodes!
The iceblast engulfs you!
Ouch! That really hurt!
You die...

#.# #########.# ####
#.........### #.). #.#......##.#
#####.## #.#.#.#..##.# #.......
#.#.#.#..##†# #.......
#.#.........# #.......
.........##.##################.##
...........ggg))@.............>#
###########.g##########.######.#
# .8.8.8.8..# #.# ###.##
###.......g..# #.# #.....
..#!.....g...# #.#####..##
#.#..........# #........#
#.#(.........# ##########..#
#.#..........# #........#..#
#.#.8.8.8.8..# ###........#..##


You could see Ijyb and 3 goblins.

Vanquished Creatures
  An adder (D:2)
  3 dart slugs (D:1)
  3 orcs (D:2)
  7 endoplasms
  4 giant cockroaches
  12 goblins
  3 hobgoblins
  6 kobolds
  A quokka (D:2)
  2 ball pythons (D:1)
  4 bats (D:1)
  4 frilled lizards (D:1)
  3 rats
53 creatures vanquished.

Vanquished Creatures (others)
  A goblin (D:2)
1 creature vanquished.

Grand Total: 54 creatures vanquished

Notes
Turn   | Place    | Note
-------+----------+-------------------------------------------
     0 | D:1      | Plorgh the Octopode Venom Mage began the quest for the Orb.
     0 | D:1      | Reached XP level 1. HP: 11/11 MP: 3/3
    64 | D:1      | Reached skill level 4 in Poison Magic
   130 | D:1      | Reached XP level 2. HP: 17/17 MP: 5/5
   314 | D:1      | Found Feotsasm's Armour Boutique.
   402 | D:1      | Reached skill level 5 in Poison Magic
   402 | D:1      | Reached XP level 3. HP: 21/21 MP: 6/6
   580 | D:1      | Found a faded altar of an unknown god.
   740 | D:2      | Learned a level 2 spell: Poisonous Vapours
   744 | D:2      | Learned a level 3 spell: Mephitic Cloud
  1074 | D:2      | Found a bloodstained altar of Trog.
  1226 | D:2      | Reached XP level 4. HP: 26/27 MP: 3/7
  1448 | D:2      | Reached skill level 6 in Poison Magic
  1477 | D:2      | Noticed Ijyb
  1492 | D:2      | Killed from afar by Ijyb

Illustrated notes

Levels and vault maps discovered:
D:1:      dpeg_arrival_lava_altar, layout_rooms, serial_shops,
          nicolae_diamond_shop, basic_ecumenical_altar
D:2:      kennysheep_the_goblin_king, layout_basic, basic_altar,
          guppyfry_early_orc_mine

Skill      XL: |  1  2  3  4 |
---------------+-------------+-----
Poison Magic   | 4 5 6 |  6.0
Fighting       | |  0.6
Dodging        | |  2.0
Stealth        | |  2.6
Spellcasting   | |  2.0
Transmutations | |  1.0

Action                   |  1- 3 |  4- 6 || total
-------------------------+-------+-------++-------
Melee: Dagger            |    57 |    19 ||    76
       Constrict         |    14 |     7 ||    21
       Tentacles         |     9 |     2 ||    11
       Punch             |       |     1 ||     1
 Cast: Sting             |    14 |     5 ||    19
       Poisonous Vapours |     3 |       ||     3
  Use: Potion            |       |     1 ||     1
 Stab: Sleeping          |    10 |     1 ||    11
       Distracted        |     1 |       ||     1
Armor: Skin              |    14 |       ||    14
Dodge: Dodged            |    71 |    15 ||    86
